 Dungeon Crawl Stone Soup version 0.29.1-15-g9cfb28693d (webtiles) character file.

Game seed: 3555871609941029848

46 H0rd4k the Charlatan (level 3, 0/26 HPs)
             Began as a Human Artificer on May 2, 2023.
             Succumbed to an adder's poison
             ... on level 2 of the Dungeon.
             The game lasted 00:00:58 (2140 turns).

H0rd4k the Charlatan (Human Artificer)              Turns: 2140, Time: 00:00:58

Health: 0/26       AC:  3    Str: 11 (12) XL:     3   Next: 95%
Magic:  3/3        EV: 11    Int: 11 (13) God:
Gold:   97         SH:  0    Dex: 11 (13) Spells: 2/2 levels left

rFire   . . .      SeeInvis .   a - +0 club
rCold   . . .      Faith    .   (no shield)
rNeg    . . .      Spirit   .   b - +0 leather armour
rPois   .          Reflect  .   (no helmet)
rElec   .          Harm     .   (no cloak)
rCorr   .          Rampage  .   (no gloves)
Will    .....                   (no boots)
Stlth   +.........              (no amulet)
HPRegen 0.08/turn               (no ring)
MPRegen 0.08/turn               (no ring)

@: lethally poisoned (0 -> -6)
A: no striking features
a: no special abilities


You were on level 2 of the Dungeon.
You visited 1 branch of the dungeon, and saw 2 of its levels.

You collected 97 gold pieces.

Inventory:

Hand Weapons
 a - a +0 club (weapon)
Missiles
 m - 6 poisoned darts
Armour
 b - a +0 leather armour (worn)
Jewellery
 k - an amulet of the acrobat
 n - a ring of magical power
Wands
 c - a wand of flame (12) (quivered)
 d - a wand of charming (15)
 e - a wand of iceblast (5)
Scrolls
 g - a scroll of butterflies {unknown}
 l - a scroll of identify {unknown}
 o - a scroll of noise {unknown}
Potions
 f - a potion of attraction {unknown}
 h - a potion of magic {unknown}
 i - a potion of degeneration
 j - a potion of heal wounds {unknown}


   Skills:
 + Level 1.5 Fighting
 + Level 1.0 Maces & Flails
 - Level 2.0 Armour
 + Level 1.5 Dodging
 + Level 1.6 Stealth
 + Level 3.6 Evocations


You had 2 spell levels left.
You didn't know any spells.
Your spell library was empty.

Dungeon Overview and Level Annotations

Branches:
Dungeon (2/15)

Altars:


Message History

You barely miss the adder.
The adder is lightly wounded.
The adder closely misses you.
You hit the adder but do no damage.
The adder is lightly wounded.
The adder bites you but does no damage. The adder barely misses you.
You hit the adder but do no damage.
The adder is lightly wounded.
The adder bites you.
You are poisoned.
The adder poisons you! The adder closely misses you.
You closely miss the adder.
The adder is lightly wounded.
You feel sick. The adder bites you but does no damage.
Aiming: Throw Flame
Press: ? - help, Shift-Dir - straight line, f - adder
Aim: an adder (lightly wounded, 53% to hit)
The puff of flame misses the adder.
You feel sick. The adder bites you.
You are lethally poisoned!
The adder poisons you! The adder bites you.
* * * LOW HITPOINT WARNING * * *
Aiming: Throw Flame
Press: ? - help, Shift-Dir - straight line, f/p - adder
Aim: an adder (lightly wounded, 53% to hit)
The puff of flame hits the adder!
The adder is almost dead.
* * * LOW HITPOINT WARNING * * *
You feel sick. The adder bites you but does no damage.
Aiming: Throw Flame
Press: ? - help, Shift-Dir - straight line, f/p - adder
Aim: an adder (almost dead, 53% to hit)
The puff of flame hits the adder!
You kill the adder!
* * * LOW HITPOINT WARNING * * *
You feel sick.
Your Maces & Flails skill increases to level 1!
It was a potion of degeneration.
There was something very wrong with that liquid.
You feel weakened.
You feel dopey.
You feel clumsy.
You die...

.w $. . ##.###. #.....# ######
#.....# #....# #.....# # #....#
#.....#### .#
#....#######.)@.#####+#.#
###............##.........#.#..
...#......#.........###........
...#...##.#.#######.# #...#.#..
...#...##.#.# #...#.....#
...#...##.#.# ##.........#
...#...#..... ..##..#....
<..#.#.###### ..# ..#....
.......# .## ..# #.#


There were no monsters in sight!

Vanquished Creatures
  An adder (D:2)
  A dart slug (D:2)
  3 ball pythons (D:1)
  3 bats
  2 endoplasms (D:1)
  3 giant cockroaches
  8 goblins (D:2)
  4 hobgoblins
  A quokka (D:1)
  A kobold (D:1)
  A rat (D:1)
28 creatures vanquished.

Vanquished Creatures (others)
  A plant (D:1)
1 creature vanquished.

Grand Total: 29 creatures vanquished

Notes
Turn   | Place    | Note
-------+----------+-------------------------------------------
     0 | D:1      | H0rd4k the Human Artificer began the quest for the Orb.
     0 | D:1      | Reached XP level 1. HP: 15/15 MP: 1/1
   382 | D:1      | Reached XP level 2. HP: 21/21 MP: 2/2
  1681 | D:2      | Reached XP level 3. HP: 25/26 MP: 3/3
  2140 | D:2      | Reached skill level 1 in Maces & Flails
  2140 | D:2      | Succumbed to an adder's poison

Illustrated notes

Levels and vault maps discovered:
D:1:      dpeg_arrival_three_smaller_balls, layout_loops_ring, serial_forest,
          infiniplex_forest_lined_room_, infiniplex_forest_clump_double,
          infiniplex_forest_clump_double, infiniplex_forest_end_3,
          infiniplex_forest_join, infiniplex_forest_clump_medium,
          infiniplex_forest_straight_2, infiniplex_forest_clump_small,
          chequers_serial_rivers_large_b
D:2:      kennysheep_the_goblin_king, layout_basic, uniq_natasha

Skill      XL: |  1  2  3 |
---------------+----------+-----
Maces & Flails | 1 |  1.0
Fighting       | |  1.5
Armour         | |  2.0
Dodging        | |  1.5
Stealth        | |  1.6
Evocations     | |  3.6

Action                   || total
-------------------------++-------
Melee: Club              ||   135
       Punch             ||     3
Evoke: Wand              ||     3
  Use: Potion            ||     1
 Stab: Sleeping          ||     2
Armor: Leather armour    ||    58
Dodge: Dodged            ||    95
